Cogmind - Beta 14 @@@ ROGUE MODE // 2024.11.14 @ 19:48:26 Player: Knjet Result: Destroyed by as-39834 with Assembled F-torch Performance ------------- Evolutions (0) 0 Regions Visited (4) 800 Robots Destroyed (11) 55 Value Destroyed (252) 252 Prototype IDs (0) 0 Alien Tech Used (0) 0 Bonus (0) 0 TOTAL SCORE: 1107 Bonus ------- None Cogmind --------- Core Integrity 0/250 Matter 279/300 Energy 100/100 System Corruption 2% Temperature Cool (20) Movement Core (200) Ox3 Location -9/Mines Parts ------- > --- POWER (1) -------- (None) > --- PROPULSION (2) --- (None) > --- UTILITY (2) ------ Medium Storage Unit > --- WEAPON (2) ------- (None) > --- INVENTORY (10) --- Ion Engine Aluminum Leg Small Storage Unit Experimental Sensor Array Peak State ------------ > --- POWER ------------ Ion Engine > --- PROPULSION ------- Aluminum Leg Aluminum Leg > --- UTILITY ---------- Medium Storage Unit Seismic Detector > --- WEAPON ----------- Light EM Pulse Cannon Light Assault Rifle > --- INVENTORY -------- Ion Engine Aluminum Leg Small Storage Unit Experimental Sensor Array Light Assault Rifle Mining Claw [Rating: 9] Favorites ----------- Power Ion Engine Engine Ion Engine Propulsion Aluminum Leg Leg Aluminum Leg Utility Seismic Detector Device Seismic Detector Storage Medium Storage Unit Weapon Light Assault Rifle Energy Cannon Light EM Pulse Cannon Ballistic Gun Light Assault Rifle Slashing Weapon Mining Claw Build | -11 -10 -10 -10 -9 ------- Run | Yrd Mat Min Exi Min Slots Evolved . | . . . . . Power . | . . . . . Propulsion . | . . . . . Utility . | . . . . . Weapon . | . . . . . Parts Attached 13 | 7 3 1 . 2 Power 1 | 1 . . . . Engine 1 | 1 . . . . Core . | . . . . . Reactor . | . . . . . Propulsion 2 | 2 . . . . Treads . | . . . . . Leg 2 | 2 . . . . Wheel . | . . . . . Hover . | . . . . . Flight . | . . . . . Utility 3 | 2 1 . . . Device 1 | 1 . . . . Storage 2 | 1 1 . . . Processor . | . . . . . Hackware . | . . . . . Protection . | . . . . . Artifact . | . . . . . Weapon 7 | 2 2 1 . 2 Energy Gun . | . . . . . Energy Cannon 1 | . . 1 . . Ballistic Gun 4 | 2 1 . . 1 Ballistic Cannon . | . . . . . Launcher . | . . . . . Special Weapon . | . . . . . Impact Weapon . | . . . . . Slashing Weapon 2 | . 1 . . 1 Piercing Weapon . | . . . . . Special Melee Weapon . | . . . . . Unidentified Prototypes . | . . . . . Parts Lost 8 | . . . . 8 Power 1 | . . . . 1 Propulsion 2 | . . . . 2 Utility 1 | . . . . 1 Weapon 4 | . . . . 4 Highest Loss Streak 8 | . . . . 8 To Critical Strikes . | . . . . . Average Slot Usage (%) 97 | . 100 100 100 74 Engine 13 | . 14 14 14 8 Leg 27 | . 28 28 28 19 Device 13 | . 14 14 14 6 Storage 14 | . 14 14 14 14 Energy Cannon 11 | . . 13 14 7 Ballistic Gun 15 | . 27 14 14 15 Peak Build Rating 9 | 7 7 9 9 9 Average Rating 8 | 5 7 8 9 6 On Entrance 6 | . 7 7 9 9 Naked Turns . | . . . . . Heaviest Build 21 | 13 19 21 21 21 Greatest Support 20 | 20 20 20 20 20 Greatest Overweight (x) 4 | . . 1 1 4 Average Overweight (x) . | . . . 1 1 Largest Inventory Capacity 10 | 8 10 10 10 10 Average Capacity 9 | 7 9 10 10 10 Most Carried 6 | . 5 6 6 6 Average Carried 5 | . 2 5 6 5 Final Capacity 10 | 8 10 10 10 10 Final Carried 6 | . 5 6 6 4 Class Distribution -------------------- 100% | Mutant Dominant Class ---------------- Mutant | -10/Materials Mutant | -10/Mines Mutant | -10/Exiles Mutant | -9/Mines Resources | -11 -10 -10 -10 -9 ----------- Run | Yrd Mat Min Exi Min Matter Collected 371 | 310 8 53 . . Remotely . | . . . . . Salvage Created 518 | 182 85 186 . 65 Parts 22 | 10 3 9 . . Haulers Intercepted . | . . . . . Recyclers Shooed 1 | 1 . . . . Parts Field Recycled . | . . . . . Retrieved Matter . | . . . . . Parts Self-Destructed . | . . . . . Prevented . | . . . . . Kills | -11 -10 -10 -10 -9 ------- Run | Yrd Mat Min Exi Min Combat Hostiles Destroyed 10 | . 2 4 . 4 Guns 6 | . 2 . . 4 Cannons 4 | . . 4 . . Classes Destroyed 5 | 3 1 . . 1 Worker 2 | 2 . . . . Tunneler 2 | 2 . . . . Recycler 1 | 1 . . . . Grunt 6 | . 2 4 . . Assembled 4 | . . . . 4 Best Kill Streak 4 | 3 2 2 . 4 Combat Bots Only 4 | . 2 2 . 4 Max Kills in Single Turn 1 | 1 1 1 . 1 Gunslinging . | . . . . . Exploded . | . . . . . Melee . | . . . . . Uniques/NPCs Destroyed . | . . . . . Combat | -11 -10 -10 -10 -9 -------- Run | Yrd Mat Min Exi Min Hostile Shots Fired 85 | . 3 6 . 76 Missed 21 | . 2 2 . 17 Damage Taken 929 | . 12 63 . 854 Core 258 | . . 14 . 244 Absorbed by Shields . | . . . . . Core Remaining (%) 100 | 100 . . . . Volleys Fired 60 | 20 8 10 . 22 Largest 2 | 2 2 2 . 2 Hottest 76 | 40 40 76 . 76 Shots Fired 116 | 40 15 20 . 41 Gun 101 | 40 15 10 . 36 Cannon 15 | . . 10 . 5 Launcher . | . . . . . Special . | . . . . . Kinetic 101 | 40 15 10 . 36 Thermal . | . . . . . Explosive . | . . . . . Electromagnetic 15 | . . 10 . 5 Robot Hit Streak 11 | 11 6 4 . 11 Robot Miss Streak 7 | 2 4 2 . 7 Penetration Max . | . . . . . Secondary Targets 3 | . . . . 3 Max Gunslinging Chain 1 | . . . . 1 Shots Hit Robots 67 | 28 8 11 . 20 Core Hits 33 | 9 6 7 . 11 Critical Kills 1 | 1 . . . . Critical Parts Destroyed . | . . . . . Critical Strikes 1 | 1 . . . . Destroy 1 | 1 . . . . Melee Attacks 2 | . 2 . . . Impact . | . . . . . Slashing 2 | . 2 . . . Piercing . | . . . . . Sneak Attacks . | . . . . . Combat Hostiles . | . . . . . Follow-up Attacks . | . . . . . Damage Inflicted 704 | 218 78 186 . 222 Guns 466 | 218 75 28 . 145 Cannons 234 | . . 158 . 76 Explosions . | . . . . . Melee . | . . . . . Ramming 4 | . 3 . . 1 Kinetic 466 | 218 75 28 . 145 Thermal . | . . . . . Explosive . | . . . . . Electromagnetic 234 | . . 158 . 76 Impact . | . . . . . Slashing . | . . . . . Piercing . | . . . . . Highest Corruption 2 | . . . . 2 Average Corruption 2 | . . . . 2 Corruption Purged . | . . . . . Corruption Blocked . | . . . . . Effects 1 | . . . . 1 Message Errors 1 | . . . . 1 Overload Shots . | . . . . . Overflow Damage 17 | . . . . 17 Projectiles 17 | . . . . 17 Explosions . | . . . . . Melee . | . . . . . Knockbacks . | . . . . . Impact . | . . . . . Kinetic . | . . . . . Secondary . | . . . . . Self-Inflicted Damage . | . . . . . Shots . | . . . . . Rammed . | . . . . . Targets Rammed 2 | . 1 . . 1 Kicked 2 | . 1 . . 1 Crushed . | . . . . . Highest Temperature 156 | . 6 156 . 120 Average Temperature 58 | . 6 60 . 56 Received Heat Transfer 222 | . 6 36 . 180 Siege Activations . | . . . . . Robots Corrupted . | . . . . . Combat Hostiles . | . . . . . Parts Fried . | . . . . . Impact Corruptions . | . . . . . Robots Melted . | . . . . . Combat Hostiles . | . . . . . Parts Melted . | . . . . . Heat Transferred . | . . . . . Parts Sabotaged . | . . . . . Parts Stolen . | . . . . . Parts Stripped . | . . . . . Power Chain Reactions . | . . . . . Alert | -11 -10 -10 -10 -9 ------- Run | Yrd Mat Min Exi Min Peak Influence 160 | 25 116 160 . . Initial 45 | . 16 45 . . Average 76 | 8 88 113 . . Maximum Alert Level . | . . . . . Low Security (%) 100 | 100 100 100 . 100 Level 1 . | . . . . . Level 2 . | . . . . . Level 3 . | . . . . . Level 4 . | . . . . . Level 5 . | . . . . . High Security . | . . . . . Max Security . | . . . . . Squads Dispatched 1 | . 1 . . . Investigation . | . . . . . Extermination . | . . . . . Reinforcement 1 | . 1 . . . Assault . | . . . . . Garrison . | . . . . . Intercept . | . . . . . Searches Triggered . | . . . . . Construction Impeded . | . . . . . Haulers Reinforced . | . . . . . Active Scanning Responses . | . . . . . Cargo Convoy Interrupts . | . . . . . Stealth | -11 -10 -10 -10 -9 --------- Run | Yrd Mat Min Exi Min Distress Signals . | . . . . . Communications Jammed . | . . . . . Distress Signals . | . . . . . Times Spotted 26 | . 6 3 . 17 Peak Tracking Total 11 | . 3 2 . 11 Tactical Retreats 3 | . . . . 3 Traps | -11 -10 -10 -10 -9 ------- Run | Yrd Mat Min Exi Min Traps Triggered . | . . . . . Indirectly . | . . . . . Trap Hack Attempts . | . . . . . Triggered . | . . . . . Disarmed . | . . . . . Reprogrammed . | . . . . . Reused . | . . . . . Traps Extracted . | . . . . . Installed . | . . . . . Triggered . | . . . . . Machines | -11 -10 -10 -10 -9 ---------- Run | Yrd Mat Min Exi Min Machines Disabled . | . . . . . Max in Single Turn . | . . . . . Machines Repaired . | . . . . . Machines Dismantled . | . . . . . Machines Sabotaged . | . . . . . Overloaded Fab Kills . | . . . . . Hacking | -11 -10 -10 -10 -9 --------- Run | Yrd Mat Min Exi Min Machines Accessed 2 | . 2 . . . Terminals 2 | . 2 . . . Fabricators . | . . . . . Repair Stations . | . . . . . Recycling Units . | . . . . . Scanalyzers . | . . . . . Garrison Access . | . . . . . Total Hacks 3 | . 3 . . . Successful 3 | . 3 . . . Failed . | . . . . . Catastrophic . | . . . . . Database Lockouts . | . . . . . Manual . | . . . . . Terminals 3 | . 3 . . . Fabricators . | . . . . . Repair Stations . | . . . . . Recycling Units . | . . . . . Scanalyzers . | . . . . . Garrison Access . | . . . . . Terminal Hacks 3 | . 3 . . . Record 1 | . 1 . . . Robot Analysis 1 | . 1 . . . Locate Traps 1 | . 1 . . . Fabricator Hacks . | . . . . . Repair Station Hacks . | . . . . . Recycling Unit Hacks . | . . . . . Scanalyzer . | . . . . . Garrison Access Hacks . | . . . . . Unauthorized Hacks . | . . . . . Terminals . | . . . . . Fabricators . | . . . . . Repair Stations . | . . . . . Recycling Units . | . . . . . Scanalyzers . | . . . . . Garrison Access . | . . . . . Data Cores Recovered . | . . . . . Used . | . . . . . Hacking Detections 1 | . 1 . . . Full Trace Events . | . . . . . Feedback Events . | . . . . . Feedback Blocked . | . . . . . Robot Schematics Acquired . | . . . . . Robots Built . | . . . . . Authchips . | . . . . . Time . | . . . . . Total Robot Build Rating . | . . . . . Part Schematics Acquired . | . . . . . Parts Built . | . . . . . Authchips . | . . . . . Time . | . . . . . Total Part Build Rating . | . . . . . Parts Repaired . | . . . . . Time . | . . . . . Parts Recycled . | . . . . . Recycled Matter . | . . . . . Retrieved Matter . | . . . . . Retrieved Components . | . . . . . Parts Scanalyzed . | . . . . . Part Schematics Acquired . | . . . . . Parts Damaged . | . . . . . Bothacking | -11 -10 -10 -10 -9 ------------ Run | Yrd Mat Min Exi Min Used RIF Installer . | . . . . . Robots Hacked . | . . . . . Non-combat . | . . . . . Combat . | . . . . . Robot Hacks Applied . | . . . . . Relay Couplers Released . | . . . . . Fabnet Peak Effective % . | . . . . . Robots Rewired . | . . . . . Allies Hacked . | . . . . . Hacks Repelled . | . . . . . Allies | -11 -10 -10 -10 -9 -------- Run | Yrd Mat Min Exi Min Total Allies . | . . . . . Largest Group . | . . . . . Highest-Rated Group . | . . . . . Highest-Rated Ally . | . . . . . Total Orders . | . . . . . Ally Attacks . | . . . . . Total Damage . | . . . . . Kills . | . . . . . Allies Corrupted . | . . . . . Allies Melted . | . . . . . Intel | -11 -10 -10 -10 -9 ------- Run | Yrd Mat Min Exi Min Robot Analysis Total 1 | . 1 . . . Derelict Logs Recovered . | . . . . . Drone Launches . | . . . . . Drone Recoveries . | . . . . . Exploration | -11 -10 -10 -10 -9 ------------- Run | Yrd Mat Min Exi Min Turns Passed 2040 | 130 265 433 1069 143 Spaces Moved 1048 | 61 176 213 563 35 Core 11 | 9 . . . 2 Treads . | . . . . . Legs 1037 | 52 176 213 563 33 Wheels . | . . . . . Hover . | . . . . . Flight . | . . . . . Fastest Speed 50 | 50 120 120 190 190 Average Speed 172 | 109 120 183 190 193 Slowest Speed 250 | 120 120 190 190 250 Overloaded Moves . | . . . . . Propulsion Burnouts . | . . . . . Robots Hopped . | . . . . . Cave-ins Triggered . | . . . . . Exploration Rate (%) 37 | 5 27 53 90 11 Regions Visited 4 Branch Regions 3 Pre-discovered Areas . | . . . . . Known Exits Taken . | . . . . . Unknown Exits Taken 4 | 1 1 1 1 . Scrap Searched . | . . . . . Spaces Dug 1 | . 1 . . . Terrain Destroyed 1 | . 1 . . . Melee 1 | . 1 . . . Projectile . | . . . . . AOE . | . . . . . Terrain Rammed . | . . . . . Walls Destroyed . | . . . . . Machines Disabled . | . . . . . Actions | -11 -10 -10 -10 -9 --------- Run | Yrd Mat Min Exi Min Total 1176 | 88 212 238 563 75 Wait 50 | 1 19 14 1 15 Move 1044 | 60 175 212 562 35 Hop . | . . . . . Pick Up 5 | . 4 1 . . Fast Attach 7 | 7 . . . . Attach 2 | . . . . 2 Detach . | . . . . . Swap 4 | . 3 1 . . Drop . | . . . . . Fire 60 | 20 8 10 . 22 Melee 2 | . 2 . . . Ram . | . . . . . Kick 2 | . 1 . . 1 Crush . | . . . . . Escape Stasis . | . . . . . Rewire . | . . . . . Trap . | . . . . . Miscellaneous . | . . . . . Route ------- -11/Scrapyard -10/Materials -10/Mines (discovered 3 exits: [*Mat x2] / [*Exi]) -10/Exiles (discovered 2 exits: [*Min x2]) -9/Mines History --------- Turn | Location | Event 55 | -11/Scrapyard | Discovered new exit (range 16) 131 | -11/Scrapyard | Entered Materials 224 | -10/Materials | Discovered new exit (range 7) 316 | -10/Materials | Build established: Mutant 396 | -10/Materials | Entered Mines 396 | -10/Mines | Discovered new exit (range 10) 529 | -10/Mines | Discovered new exit (range 13) 563 | -10/Mines | Found a damaged Exp. Sensor Array with a note attached 567 | -10/Mines | Found Prototype Device 821 | -10/Mines | Deemed a non-threat by the Exiles lab entrance 821 | -10/Mines | Discovered new exit (range 5) 829 | -10/Mines | Entered Exiles 829 | -10/Exiles | Found Exiles lab abandoned 1214 | -10/Exiles | Discovered new exit (range 14) 1877 | -10/Exiles | Discovered new exit (range 12) 1898 | -10/Exiles | Entered Mines 1942 | -9/Mines | Assembled infested the area 1947 | -9/Mines | Assisted by a Guerilla fighting off Assembled 2033 | -9/Mines | Core integrity fell below 50% 2037 | -9/Mines | Core integrity fell below 20% 2041 | -9/Mines | Destroyed by as-39834 with Assembled F-torch Last Messages --------------- 01965_ Seismic Detector destroyed. 01965_ System corrupted by crushing effect (+2). 01967_ as-30370 sneak attacks. 01968_ as-08550 destroyed. 01971_ />MNSV3CUEMQ| WQQTQ08M>9F XVSPH9R3 01976_ Destroyed Asb. Hover Unit. 01979_ Lgt. EM Pulse Cannon destroyed. 01982_ as-30370 destroyed. 01982_ Switching to secondary target: as-12559. 01984_ Ion Engine destroyed. 01987_ Aluminum Leg destroyed. 01987_ as-12559 destroyed. 01987_ Switching to secondary target: as-95446. 01995_ as-95446 destroyed. 01995_ Switching to secondary target: as-59699. 02016_ Lgt. Assault Rifle destroyed. 02018_ Aluminum Leg destroyed. 02026_ Critical hit (Burn: +80). 02026_ Mining Claw destroyed. 02030_ Lgt. Assault Rifle destroyed. Map ----- +----------------------------------------------------+ | | | | | | | | | | | | | | | | | | | | | | | | | | | | | ?????????????????????????????????????????????????? | | ??????????????????####???????????????????????????? | | ???????????####??## #??????????????########????? | | ??????????? ## #?????????????# ###### | | ?????????? #????????????# | | ?????????? ############# ###### | | ?????????? ## #????? | | ?????????????????## aa ## #????? | | ??????????????????## a ######## #### ###????? | | ???????????????????#####a ##??????#%#??# #??????? | | ???????????????????????##a#???????# #### #??????? | | ????????????????????????#@#???????# #??????? | | ????????????????????#####a#???????#########??????? | | ????????????????????# ]%a#??????????????????????? | | ?????????????? % % %= ####??????????????????????? | | ?????????????#####"?#%???????????????????????????? | | ????????????????????#????????????????????????????? | | ?????????????????????????????????????????????????? | | ?????????????????????????????????????????????????? | | ?????????????????????????????????????????????????? | | ?????????????????????????????????????????????????? | | ?????????????????????????????????????????????????? | | ?????????????????????????????????????????????????? | | ?????????????????????????????????????????????????? | | ?????????????????????????????????????????????????? | | ?????????????????????????????????????????????????? | | ?????????????????????????????????????????????????? | | ?????????????????????????????????????????????????? | | ?????????????????????????????????????????????????? | | ?????????????????????????????????????????????????? | | ?????????????????????????????????????????????????? | | ?????????????????????????????????????????????????? | | ?????????????????????????????????????????????????? | | ?????????????????????????????????????????????????? | | ?????????????????????????????????????????????????? | | ?????????????????????????????????????????????????? | +----------------------------------------------------+ Best States ------------- Heat Dissipation 25 Energy Generation 10 Energy Capacity 250 Matter Stores 300 Matter Capacity 300 Sight Range 16 Terrain Scan Density 10 Evasion (%) 55 Item Schematics ----------------- None Robot Schematics ------------------ None Fabricated ------------ Nothing Alien Tech Used ----------------- None Achievements -------------- None Challenges ------------ None Game ------ Seed MetaQuantumShotgun Manual? 0 Play Time 00:10:23 Cumulative 30.8 hours Start 2024.11.14 @ 19:30:24 End 2024.11.14 @ 19:48:26 Sessions 1 Manual Loads 0 Difficulty Rogue Special Mode None Game No. 58 Rogue 58 Adventurer 0 Explorer 0 Win Type - Total 0 Types 0/0/0/0/0/0/0/0/0 Lore% 14 Gallery% 27 Achievement% 26 Wizard Run 0 Options --------- Layout 2 ASCII 0 Keyboard 1 Movement Numpad Keybinds 0 Fullscreen 1 Font 32/SmallcapsGlow Map View 50x44 Zoom Use 0% Tactical HUD 1 Map Filters NONE Filters NONE Steam 1 RUN: fc1d9cf4-0767-44e1-b815-1cd6474ade14